 Dungeon Crawl Stone Soup version 0.31.0-12-g77e489cdc1 (webtiles) character file.

Game seed: 1831798859200653441

6896 Killerpretzel the Fighter (level 11, -3/72 HPs)
             Began as a Gargoyle Berserker on Mar 1, 2024.
             Was a Priest of Trog.
             Slain by a yak (5 damage)
             ... on level 9 of the Dungeon.
             The game lasted 00:18:33 (7212 turns).

Killerpretzel the Fighter (Gargoyle Berserker)      Turns: 7212, Time: 00:18:33

Health: -3/72      AC: 23    Str: 23    XL:     11   Next: 6%
Magic:  11/11      EV: 10    Int:  8    God:    Trog [***...]
Gold:   321        SH:  5    Dex: 17    Spells: 10/10 levels left

rFire   . . .        a - +1 mace (vamp)
rCold   . . .        (no shield)
rNeg    + . .        B - +0 plate armour
rPois   ∞            (no helmet)
rElec   +            q - +0 cloak
rCorr   +            (no gloves)
SInv    .            (no boots)
Will    ++...        s - amulet of reflection Stlth
                     k - ring of resist corrosion
HPRegen 1.32/turn    r - +6 ring of dexterity
MPRegen 0.12/turn

%: reflection
@: strong-willed, on berserk cooldown, regenerating, slowed, very slow
A: sickness immunity, AC +8, negative energy resistance 1, electricity
resistance, torment resistance 1, petrification resistance
a: Renounce Religion, Berserk, Trog's Hand


You were on level 9 of the Dungeon.
You worshipped Trog.
Trog was most pleased with you.
You visited 1 branch of the dungeon, and saw 9 of its levels.

You collected 321 gold pieces.

Inventory:

Hand Weapons
 a - a +1 vampiric mace (weapon)
 n - a +3 spectral quarterstaff
 p - a +3 quarterstaff of chaos
 v - the +1 quarterstaff "Wety" {heavy, rF++ Str+3}
   (You found it on level 7 of the Dungeon)

   Str+3:     It affects your strength (+3).
   rF++:      It greatly protects you from fire.
Armour
 b - a +0 animal skin
 o - a +1 ring mail
 q - a +0 cloak (worn)
 B - a +0 plate armour (worn)
Jewellery
 k - a ring of resist corrosion (left hand)
 r - a +6 ring of dexterity (right hand)
 s - an amulet of reflection (around neck)
 u - a +6 ring of dexterity
 A - an amulet of the acrobat
Wands
 l - a wand of light (8)
 z - a wand of charming (6)
Scrolls
 m - a scroll of noise
 t - 2 scrolls of teleportation
 w - a scroll of poison
 y - a scroll of butterflies
 C - a scroll of fear
Potions
 c - 2 potions of attraction
 d - 4 potions of enlightenment
 f - a potion of resistance {unknown}
 h - a potion of mutation {unknown}
 i - a potion of magic {unknown}
 j - 2 potions of curing


   Skills:
 + Level 9.7 Fighting
 + Level 8.9 Maces & Flails
 + Level 9.4 Armour
 + Level 7.1 Dodging


You had 10 spell levels left.
You didn't know any spells.
Your spell library was empty.

Dungeon Overview and Level Annotations

Branches:
Dungeon (9/15)             Temple (0/1) D:6
   Lair: D:8-11         Orc: D:9-12

Altars:
Fedhas
Okawaru
Ru
Zin


Innate Abilities, Weirdness & Mutations

You are immune to sickness and miasma.
Your stone body is resilient. (AC +8)
You are immune to poison.
You resist negative energy. (rN+)
You are resistant to electric shocks. (rElec)
You are resistant to unholy torment.
You are immune to petrification.


Message History

The yak gores you but does no damage. The yak gores you!
* * * LOW HITPOINT WARNING * * *
The boulder beetle bites you but does no damage.
You hit the boulder beetle but do no damage.
The boulder beetle is lightly wounded.
The yak gores you but does no damage. The yak closely misses you.
The boulder beetle closely misses you. The yak gores you but does no damage.
The yak barely misses you.
You bump into the rock wall.
The boulder beetle bites you!
* * * LOW HITPOINT WARNING * * *
The yak barely misses you. The yak completely misses you.
The boulder beetle bites you but does no damage.
You hit the boulder beetle but do no damage.
The boulder beetle is lightly wounded.
You feel less invigorated.
You feel less confused. The yak closely misses you.
The yak gores you but does no damage. The boulder beetle misses you.
You block the yak's attack. The yak gores you but does no damage.
You hit the boulder beetle.
The boulder beetle is lightly wounded.
You block the boulder beetle's attack. The yak gores you but does no damage.
The yak gores you.
* * * LOW HITPOINT WARNING * * *
The boulder beetle bites you but does no damage.
Your skin crawls.
You feel strong-willed. The yak gores you but does no damage.
The yak gores you.
* * * LOW HITPOINT WARNING * * *
The boulder beetle bites you but does no damage.
The yak gores you.
* * * LOW HITPOINT WARNING * * *
The yak gores you but does no damage.
You hit the boulder beetle.
You feel better.
The boulder beetle is lightly wounded.
You feel a little less mighty now. The boulder beetle bites you.
* * * LOW HITPOINT WARNING * * *
The yak gores you.
You die...

##..#..##.....#
###.###......#....##
#.....#......#.....#
#.#.###.#[....<#.....#
#........[..[##.....#
##.#.#.#.....○......#
#.....#.....#......'
###.###....Y#......#
#.# ##..YY@......# .#.
##.YB######## .# #
##.Y...../ .#
#........ #........
......... ##......Y.
#.....YY. #........


You could see a boulder beetle and 5 yaks.

Vanquished Creatures
  Pikel (D:6)
  A cyclops (D:8)
  A kobold demonologist (D:9)
  A komodo dragon (D:7)
  A troll (D:9)
  2 wraiths (D:9)
  6 yaks (D:9)
  Eustachio (D:6)
  2 steam dragons
  3 vampire mosquitoes (D:8)
  A water moccasin (D:8)
  A black bear (D:7)
  2 orc warriors
  An ice beast (D:6)
  4 centaurs
  A lemure (D:6)
  A phantom (D:5)
  2 kobold brigands
  A bullfrog (D:7)
  A gnoll sergeant (D:8)
  An elf skeleton (D:5)
  3 scorpions
  11 wights
  6 killer bees
  A howler monkey (D:8)
  A bombardier beetle (D:3)
  A jelly (D:7)
  5 orc priests
  A human zombie (D:5)
  A scorpion zombie (D:3)
  Crazy Yiuf (D:6)
  Jessica (D:2)
  4 iguanas
  2 sleepcaps
  2 human skeletons (D:5)
  11 orc wizards
  9 gnolls
  A howler monkey skeleton (D:3)
  6 adders
  3 shadow imps
  2 dart slugs
  3 ribbon worms
  27 orcs
  2 ball pythons
  A bat (D:1)
  6 endoplasms
  3 giant cockroaches
  5 hobgoblins
  6 kobolds
  2 quokkas
  A ball python zombie (D:3)
  2 frilled lizards (D:1)
  7 goblins
  An orc skeleton (D:5)
  An orc zombie (D:5)
  5 rats
179 creatures vanquished.

Vanquished Creatures (collateral kills)
  A vampire (D:9)
  A kobold brigand (D:9)
  A wight (D:9)
3 creatures vanquished.

Grand Total: 182 creatures vanquished

Notes
Turn   | Place    | Note
-------+----------+-------------------------------------------
     0 | D:1      | Killerpretzel the Gargoyle Berserker began the quest for
                  | the Orb.
     0 | D:1      | Reached XP level 1. HP: 14/14 MP: 1/1
   216 | D:1      | Reached XP level 2. HP: 3/19 MP: 0/2
   558 | D:1      | You fall into a shaft and drop 1 floor!
   715 | D:2      | Reached ** piety under Trog
   716 | D:2      | Reached XP level 3. HP: 22/23 MP: 3/3
   739 | D:2      | Noticed Jessica
   748 | D:2      | Killed Jessica
   807 | D:2      | Reached XP level 4. HP: 24/29 MP: 4/4
  1789 | D:3      | Reached XP level 5. HP: 33/33 MP: 5/5
  2743 | D:4      | Reached XP level 6. HP: 39/39 MP: 6/6
  2836 | D:4      | Found an iron altar of Okawaru.
  2837 | D:4      | Found a glowing silver altar of Zin.
  2837 | D:4      | Found a blossoming altar of Fedhas.
  3135 | D:5      | Entered Level 5 of the Dungeon
  3339 | D:5      | Reached skill level 5 in Fighting
  3339 | D:5      | Reached XP level 7. HP: 40/44 MP: 7/7
  3632 | D:5      | Reached *** piety under Trog
  3654 | D:5      | Found a sand-covered staircase.
  3681 | D:5      | Reached skill level 5 in Maces & Flails
  4157 | D:5      | Reached skill level 5 in Armour
  4303 | D:6      | Noticed Eustachio
  4317 | D:6      | Killed Eustachio
  4318 | D:6      | Reached XP level 8. HP: 51/51 MP: 8/8
  4453 | D:6      | Found a staircase to the Ecumenical Temple.
  4742 | D:6      | Found a runed translucent door.
  4743 | D:6      | Noticed Crazy Yiuf
  4765 | D:6      | Noticed Pikel
  4776 | D:6      | Killed Pikel
  4777 | D:6      | Reached XP level 9. HP: 41/56 MP: 9/9
  4780 | D:6      | Reached skill level 5 in Dodging
  4896 | D:6      | Found a sacrificial altar of Ru.
  4978 | D:6      | Killed Crazy Yiuf
  5278 | D:7      | Noticed a komodo dragon
  5286 | D:7      | Killed a komodo dragon
  5316 | D:7      | Identified the +1 quarterstaff "Wety" {heavy, rF++ Str+3}
  5749 | D:8      | Noticed a cyclops
  5760 | D:8      | Killed a cyclops
  5761 | D:8      | Reached XP level 10. HP: 45/64 MP: 10/10
  5833 | D:8      | Reached **** piety under Trog
  6078 | D:8      | HP: 3/65 [orc priest/nerve-wracking pain (5)]
  6935 | D:9      | Noticed a kobold demonologist
  7081 | D:9      | Noticed a smoke demon
  7084 | D:9      | Killed a kobold demonologist
  7155 | D:9      | Noticed a boulder beetle
  7189 | D:9      | Reached XP level 11. HP: 39/71 MP: 11/11
  7212 | D:9      | HP: 2/72 [boulder beetle (4)]
  7212 | D:9      | Slain by a yak

Illustrated notes

Levels and vault maps discovered:
D:1:      shiori_shiawase, layout_basic, serial_forest,
          infiniplex_forest_corner_1, infiniplex_forest_lined_1,
          infiniplex_forest_end_2, infiniplex_forest_lined_ring,
          ebering_ecumenical_altar_mist, minmay_misc_feat_x, st_stairs_14,
          minmay_pentomino_o2
D:2:      layout_basic, minmay_misc_feat_four_crosses, minmay_misc_feat_tiny,
          chequers_mini_garden, uniq_jessica
D:3:      layout_basic, serial_undead, serial_undead_e, serial_undead_e,
          serial_undead_a, serial_undead_a
D:4:      layout_basic, gammafunk_temple_overflow_forgotten
D:5:      layout_basic, nicolae_ossuary_entry_catacombs,
          nicolae_concentric_dashed_squares_wild, kennysheep_generic_room_7
D:6:      layout_rooms, nicolae_ru_the_path_less_chosen,
          minmay_temple_entry_wispy, uniq_pikel, uniq_crazy_yiuf_cottage,
          uniq_eustachio
D:7:      layout_rooms, minmay_checkerbox
D:8:      layout_loops_ring
D:9:      minmay_the_grid_octo_tiled_octocenter [minmay_the_grid_octo_chip,
          minmay_the_grid_octo_checkered, minmay_the_grid_octo_checkerflower,
          minmay_the_grid_octo_thin_diamonds,
          minmay_the_grid_octo_prize_single_spiral,
          minmay_the_grid_square_5x5_broken_cross,
          minmay_the_grid_square_5x5_meh, minmay_the_grid_square_5x5_fat_x,
          minmay_the_grid_square_5x5_three], layout_irregular_city, orc_0_dummy

Skill      XL: |  1  2  3  4  5  6  7  8  9 10 |
---------------+-------------------------------+-----
Dodging        | 2 3 4 5 7 |  7.1
Armour         | 3 4 5 6 7 9 |  9.4
Fighting       | 4 5 6 8 9 |  9.7
Maces & Flails | 4 5 6 7 8 |  8.9

Action                     |  1- 3 |  4- 6 |  7- 9 | 10-12 || total
---------------------------+-------+-------+-------+-------++-------
  Melee: Mace              |    95 |    67 |       |   162 ||   324
         Quarterstaff      |       |    73 |   194 |   114 ||   381
         Punch             |       |     1 |       |     1 ||     2
 Invoke: Berserk           |       |     1 |     2 |     2 ||     5
         Trog's Hand       |       |       |       |     5 ||     5
         Brothers in Arms  |       |       |       |     1 ||     1
    Use: Scroll            |       |     8 |     9 |     1 ||    18
         Potion            |       |       |       |     4 ||     4
   Stab: Distracted        |       |       |     1 |       ||     1
 Armour: Animal skin       |    61 |    41 |       |       ||   102
         Ring mail         |       |    46 |   109 |       ||   155
         Plate armour      |       |       |    17 |   335 ||   352
  Dodge: Dodged            |    60 |    64 |    96 |   171 ||   391
  Block: Other             |       |       |    14 |    75 ||    89
         Reflection        |       |       |     2 |       ||     2
